AoeStats
← pascapas

Fortress

507587003Analyzed
4v4 RM · 15d ago on Sep 18, 2026· 70m 10s· 8 players
Game mode
Random Map
Map size
Huge
Population
200
Speed
Normal
Resources
Standard
Victory
Conquest
Starting age
Dark Age
Ending age
Imperial Age
RankedLock teamsTeams togetherTeam positionsShared explorationLock speedFull tech treeHidden civsTurbo modeCheats
Victory
Defeat
🇪🇸 Britons · Spain
898
+12
🇧🇷 Spanish · Brazil
882
+13
🇬🇧 Hindustanis · United Kingdom
832
+15
🇧🇷 Aztecs · Brazil
694
+20
🇨🇴 Bulgarians · Colombia
805
-15
🇨🇭 Poles · Switzerland
803
-15
🇺🇸 Lithuanians · United States
800
-15
🇫🇷 Byzantines · France
799
-15
js.paredesm
8:03 Feudal Age
8:36 Double-Bit Axe
9:54 Horse Collar
14:14 Forging
14:46 Arson
21:09 Castle Age
21:05 Stone Mining
22:00 Bow Saw
21:52 Heavy Plow
26:36 Stone Shaft Mining
28:48 Gold Mining
29:56 Scale Barding Armor
29:53 Scale Mail Armor
33:55 Imperial Age
32:07 Wheelbarrow
32:23 Loom
33:42 Chain Barding Armor
33:47 Gambesons
35:01 Conscription
36:21 Squires
36:26 Bagains
37:48 Iron Casting
38:12 Elite Konnik
41:41 Gold Shaft Mining
41:47 Chain Mail Armor
46:06 Blast Furnace
45:38 Plate Mail Armor
46:07 Heavy Scorpion
50:26 Crop Rotation
50:14 Pikeman
52:01 Halberdier
54:02 Plate Barding Armor
55:45 Elite Skirmisher
56:35 Thumb Ring
58:13 Ballistics
58:54 Chemistry
59:06 Caravan
59:45 Padded Archer Armor
59:35 Fletching
60:29 Leather Archer Armor
63:18 Bodkin Arrow
65:15 Stirrups
67:02 Bracer
TireurFou
8:16 Feudal Age
9:16 Double-Bit Axe
10:00 Loom
15:59 Horse Collar
20:41 Castle Age
23:57 Imperial Age
21:54 Heavy Plow
22:06 Bow Saw
23:55 Gold Mining
23:56 Stone Mining
24:31 Forging
24:26 Scale Barding Armor
25:40 Gold Shaft Mining
25:53 Crop Rotation
26:25 Two-Man Saw
27:18 Iron Casting
27:04 Chain Barding Armor
27:06 Conscription
30:28 Wheelbarrow
31:08 Stone Shaft Mining
31:19 Plate Barding Armor
30:47 Husbandry
32:43 Hand Cart
34:30 Fortified Wall
34:33 Elite Cataphract
37:53 Caravan
38:24 Coinage
41:06 Logistica
41:59 Guilds
45:26 Banking
47:39 Heavy Camel Rider
57:57 Chemistry
61:28 Ballistics
pascapas
1:46 Loom
7:36 Feudal Age
7:44 Feudal Age
9:36 Horse Collar
10:08 Double-Bit Axe
15:49 Forging
17:43 Castle Age
17:45 Wheelbarrow
17:05 Gold Mining
17:46 Bloodlines
18:06 Light Cavalry
21:10 Town Watch
21:42 Hand Cart
24:17 Szlachta Privileges
25:28 Bow Saw
26:32 Heavy Plow
26:42 Husbandry
33:10 Imperial Age
32:48 Scale Mail Armor
32:42 Fletching
33:01 Scale Barding Armor
33:44 Cavalier
37:32 Winged Hussar
46:41 Chain Barding Armor
49:35 Iron Casting
48:56 Bodkin Arrow
52:03 Blast Furnace
58:47 Caravan
shark_bird
8:49 Feudal Age
13:29 Castle Age
16:57 Imperial Age
14:23 Horse Collar
15:00 Double-Bit Axe
17:47 Fervor
18:36 Wheelbarrow
18:18 Bow Saw
18:29 Heavy Plow
20:58 Fletching
21:18 Forging
22:08 Conscription
24:38 Iron Casting
25:12 Crop Rotation
26:38 Scale Barding Armor
Fontanar88
3:35 Loom
8:24 Feudal Age
8:50 Double-Bit Axe
9:20 Horse Collar
16:35 Castle Age
17:14 Wheelbarrow
22:26 Hand Cart
22:49 Bow Saw
29:27 Imperial Age
27:31 Gold Mining
27:31 Stone Mining
28:07 Ballistics
27:28 Treadmill Crane
27:44 Murder Holes
28:56 Gold Shaft Mining
28:52 Heavy Plow
29:19 Yeomen
29:07 Caravan
30:12 Warwolf
30:34 Conscription
29:39 Cavalier
30:20 Husbandry
30:16 Fletching
30:26 Padded Archer Armor
30:37 Forging
31:28 Elite Longbowman
33:43 Chemistry
32:56 Fortified Wall
33:42 Bodkin Arrow
34:02 Leather Archer Armor
33:53 Scale Barding Armor
34:49 Iron Casting
36:45 Hoardings
37:30 Bracer
38:00 Ring Archer Armor
44:05 Pikeman
44:45 Squires
44:30 Gambesons
44:31 Arson
45:49 Blast Furnace
45:10 Chain Barding Armor
44:50 Scale Mail Armor
44:57 Siege Engineers
45:03 Masonry
49:50 Halberdier
54:19 Two-Man Saw
54:56 Plate Barding Armor
54:36 Chain Mail Armor
61:19 Plate Mail Armor
61:45 Capped Ram
68:19 Onager
Mike Rotch
5:05 Loom
6:21 Loom
8:37 Feudal Age
7:15 Loom
9:00 Feudal Age
14:53 Castle Age
12:59 Double-Bit Axe
12:59 Horse Collar
21:37 Scale Barding Armor
21:44 Forging
22:29 Heavy Plow
22:46 Bow Saw
23:56 Wheelbarrow
24:29 Husbandry
25:43 Town Watch
28:03 Hand Cart
29:11 Chain Barding Armor
29:27 Iron Casting
28:52 Padded Archer Armor
29:52 Gold Mining
33:47 Imperial Age
33:04 Caravan
33:54 Leather Archer Armor
34:10 Fortified Wall
35:07 Bloodlines
34:20 Heavy Camel Rider
36:33 Chemistry
36:04 Ballistics
35:51 Siege Engineers
36:31 Fletching
38:13 Conscription
43:41 Ring Archer Armor
44:13 Blast Furnace
43:49 Plate Barding Armor
42:46 Imperial Camel Rider
54:17 Gold Shaft Mining
59:08 Masonry
59:05 Murder Holes
62:24 Bodkin Arrow
Joseka
8:47 Feudal Age
9:56 Horse Collar
14:30 Castle Age
13:22 Double-Bit Axe
16:09 Wheelbarrow
17:13 Hand Cart
22:29 Caravan
24:05 Pikeman
26:36 Squires
27:23 Bow Saw
27:39 Gold Mining
30:41 Imperial Age
28:11 Arson
28:41 Forging
29:06 Heavy Plow
29:52 Stone Mining
30:41 Iron Casting
30:07 Scale Mail Armor
31:32 Stone Shaft Mining
32:44 Two-Man Saw
31:13 Halberdier
31:15 Light Cavalry
32:06 Bloodlines
32:45 Hussar
34:09 Coinage
35:11 Chemistry
34:36 Husbandry
39:11 Blast Furnace
38:26 Chain Mail Armor
38:22 Elite Conquistador
47:34 Plate Mail Armor
53:24 Elite Skirmisher
55:14 Banking
54:52 Fletching
55:04 Padded Archer Armor
60:26 Murder Holes
Assisu2405
0:51 Loom
9:57 Feudal Age
11:24 Double-Bit Axe
11:25 Horse Collar
14:55 Gold Mining
16:52 Stone Mining
20:37 Castle Age
22:18 Bow Saw
24:52 Gold Shaft Mining
24:53 Stone Shaft Mining
25:17 Caravan
26:19 Forging
25:59 Fletching
26:10 Scale Mail Armor
26:11 Padded Archer Armor
29:54 Imperial Age
28:51 Wheelbarrow
29:40 Ballistics
29:31 Fortified Wall
29:17 Murder Holes
35:25 Hand Cart
34:55 Town Watch
35:56 Garland Wars
35:57 Conscription
35:37 Atlatl
36:40 Heavy Plow
37:16 Town Patrol
36:45 Eagle Warrior
37:25 Squires
37:11 Arson
37:13 Gambesons
36:48 Pikeman
39:04 Elite Eagle Warrior
43:11 Crop Rotation
43:45 Chemistry
42:32 Elite Skirmisher
43:56 Iron Casting
43:16 Bodkin Arrow
43:38 Chain Mail Armor
43:38 Leather Archer Armor
49:44 Bracer
50:45 Blast Furnace
50:18 Plate Mail Armor
51:11 Elite Jaguar Warrior
54:33 Crossbowman
55:15 Arbalester
61:34 Man-at-Arms
67:56 Long Swordsman
Connection lost

Rejoining the realm…

Still unreachable

The connection could not be restored.

Session expired

The server has moved on; the page needs a fresh start.